 Dungeon Crawl Stone Soup version 0.18.1-47-g9310371 (webtiles) character file.

779 sleepydude the Thaumaturge (level 7, -2/36 HPs)
             Began as a Deep Elf Conjurer on June 17, 2016.
             Slain by an ogre
             ... wielding a +0 giant club
              (20 damage)
             ... on level 5 of the Dungeon.
             The game lasted 00:25:37 (4937 turns).

sleepydude the Thaumaturge (Deep Elf Conjurer)      Turns: 4937, Time: 00:25:38

Health: -2/36      AC:  3    Str:  5    XL:     7   Next: 54%
Magic:  17/20      EV: 13    Int: 22    God:
Gold:   192        SH:  0    Dex: 15    Spells: 2 memorised, 19 levels left

rFire  . . .     SeeInvis .     x - +0 dagger
rCold  . . .     Gourm    .     w - +0 robe (curse)
rNeg   . . .     Faith    .     (no shield)
rPois  .         Spirit   .     (no helmet)
rElec  .         Dismiss  .     (no cloak)
rCorr  .         Reflect  .     m - +0 pair of gloves
SustAt .         Harm     .     (no boots)
MR     .....                    v - amulet of magic regeneration
Stlth  ++........               (no ring)
                                (no ring)

@: not resistant to hostile enchantments, unstealthy
A: no striking features
a: no special abilities


You were on level 5 of the Dungeon.
You were not hungry.

You visited 1 branch of the dungeon, and saw 6 of its levels.

You collected 192 gold pieces.

Inventory:

Hand Weapons
 x - a +0 dagger (weapon)
Armour
 a - a +0 robe
 m - a +0 pair of gloves (worn)
 r - a +0 leather armour
 w - a cursed +0 robe (worn)
Jewellery
 v - an amulet of magic regeneration (around neck)
 B - an uncursed ring of fire
Wands
 z - a wand of lightning (0/15)
Scrolls
 d - 3 scrolls of identify
 f - 4 scrolls of remove curse
 h - 4 scrolls of teleportation {unknown}
 i - a scroll of recharging {unknown}
 j - a scroll of fear {unknown}
 n - 2 scrolls of blinking {unknown}
 p - a scroll of immolation {unknown}
 q - 3 scrolls of magic mapping {unknown}
 u - a scroll of enchant armour {unknown}
 y - a scroll of noise {unknown}
Potions
 e - a potion of flight {unknown}
 l - a potion of haste {unknown}
 s - 2 potions of brilliance {unknown}
 t - a potion of degeneration {unknown}
 A - a potion of might {unknown}
Books
 b - a book of Conjurations

   Spells                             Type                      Level
   a - Magic Dart                     Conjuration                  1
   b - Searing Ray                    Conjuration                  2
   c - Dazzling Spray                 Conjuration/Hexes            3
   d - Fulminant Prism                Conjuration/Hexes            4
   e - Iskenderun's Mystic Blast      Conjuration                  4
   f - Iskenderun's Battlesphere      Conjuration/Charms           5
Comestibles
 c - 6 bread rations
 g - 2 royal jellies
 k - 3 meat rations
 o - 2 beef jerkies


   Skills:
 - Level 2.4 Dodging
 - Level 2.4 Stealth
 + Level 8.4 Spellcasting
 + Level 7.8 Conjurations


You had 19 spell levels left.
You knew the following spells:

 Your Spells              Type           Power        Failure   Level  Hunger
a - Magic Dart            Conj           ####         1%          1    None
b - Searing Ray           Conj           #####.       1%          2    None


Dungeon Overview and Level Annotations

Branches:
Dungeon (6/15)
 Temple: D:4-7

Altars:
Cheibriados
Dithmenos
Gozag
Ru
Trog
Zin

Shops:
D:6 (

Annotations:
D:4 KrombopulosMichael's ghost, amateur OgSk


Message History

You start resting.
Magic restored.
The ogre shouts!
Casting: Searing Ray
Confirm with . or Enter, or press ? or * to list all spells.
Aiming: Searing Ray
Press: ? - help, Shift-Dir - straight line, f - ogre
Aim: an ogre, wielding a giant club The searing ray hits the ogre.
The ogre is lightly wounded.
The ogre barely misses you.
The searing ray hits the ogre.
The ogre is heavily wounded.
The ogre hits you with a giant club!!
Ouch! That really hurt!
The searing ray hits the ogre.
The ogre is almost dead.
The ogre hits you with a giant club!!
Ouch! That really hurt!
You die...

#........#### #........#
#........# .....
####........# #....
....>......####
##....###.#####.#.......'...
##....?+.#.......'.......####
#......#.#######.#.......#
.....$.+...O@....#.......#
.......#..########.......#
..............# #.......#
.......#..###.# #.......####
.......#..# #.# ####........
.......#..# #.# #.#######
.......#..# #.# #.#
########..# #[# #.# #..# #.#
#.#


You could see an ogre.

Vanquished Creatures
  An ice beast (D:5)
  An ogre (D:4)
  A howler monkey (D:3)
  A quasit (D:6)
  A hound (D:5)
  A giant frog skeleton (D:4)
  2 orc priests (D:3)
  4 orc wizards
  A centaur skeleton (D:4)
  Ijyb (D:2)
  3 worker ants
  3 gnolls
  5 adders
  2 oozes
  An adder zombie (D:4)
  3 worms
  A dart slug (D:2)
  6 giant geckos
  13 orcs
  8 bats
  4 giant cockroaches
  11 hobgoblins
  2 jackals (D:3)
  8 kobolds
  5 quokkas
  3 giant newts
  A goblin (D:1)
  10 rats
103 creatures vanquished.

Notes
Turn   | Place    | Note
--------------------------------------------------------------
     0 | D:1      | sleepydude the Deep Elf Conjurer began the quest for the Orb.
     0 | D:1      | Reached XP level 1. HP: 10/10 MP: 6/6
   208 | D:1      | Reached XP level 2. HP: 15/15 MP: 4/8
   318 | D:1      | Learned a level 2 spell: Searing Ray
   417 | D:1      | Reached skill level 4 in Spellcasting
   778 | D:1      | Reached XP level 3. HP: 19/19 MP: 6/10
  1026 | D:2      | Reached skill level 5 in Conjurations
  1146 | D:2      | Found a bloodstained altar of Trog.
  1185 | D:2      | Noticed Ijyb
  1204 | D:2      | Killed Ijyb
  1322 | D:2      | Reached XP level 4. HP: 24/24 MP: 9/12
  1634 | D:2      | Found an opulent altar of Gozag.
  1635 | D:2      | Found a glowing silver altar of Zin.
  1757 | D:3      | Reached skill level 5 in Spellcasting
  1876 | D:3      | Found a shadowy altar of Dithmenos.
  1887 | D:3      | Reached XP level 5. HP: 28/28 MP: 11/15
  2062 | D:3      | Reached skill level 6 in Spellcasting
  2236 | D:3      | Reached XP level 6. HP: 29/32 MP: 2/17
  3389 | D:3      | Reached skill level 7 in Spellcasting
  3971 | D:4      | Found a snail-covered altar of Cheibriados.
  3980 | D:4      | Noticed KrombopulosMichael's ghost (amateur OgSk)
  4017 | D:5      | Entered Level 5 of the Dungeon
  4042 | D:5      | Noticed an ice beast
  4071 | D:5      | Reached XP level 7. HP: 29/36 MP: 14/20
  4228 | D:4      | Found a sacrificial altar of Ru.
  4247 | D:4      | You fall through a shaft for 2 floors!
  4289 | D:6      | Found Teudupa's Antique Weapon Shop.
  4309 | D:6      | Reached skill level 8 in Spellcasting
  4937 | D:5      | Slain by an ogre

Skill      XL: |  1  2  3  4  5  6  7 |
---------------+----------------------+-----
Spellcasting   | 4 5 6 7 8 |  8.4
Conjurations   | 5 6 7 |  7.8
Dodging        | |  2.4
Stealth        | |  2.4

Action                   |  1- 3 |  4- 6 |  7- 9 || total
-------------------------+-------+-------+-------++-------
Melee: Unarmed           |       |     1 |       ||     1
 Cast: Magic Dart        |    60 |   149 |    51 ||   260
       Searing Ray       |     2 |     7 |     3 ||    12
Evoke: Wand              |       |     1 |       ||     1
  Use: Scroll            |       |     1 |       ||     1
  Eat: Chunk             |     1 |     8 |       ||     9
       Pizza             |       |       |     1 ||     1
       Beef jerky        |       |       |     1 ||     1
Armor: Robe              |       |     3 |     5 ||     8
Dodge: Dodged            |     3 |    44 |    15 ||    62
